Unix NetHack Version 5.0.0-0 post-release - last build May  4 2026 22:22:43 (774f63e81ad911689b3a0859ea89b322d5daca8d,branch:main).

Game began 2026-05-10 03:26:59, ended 2026-05-10 04:10:32.

Gary, lawful male human Samurai

                   --------
                  d@@d....-#
                  d|d.....|#
                  #|......|#
                  #|......|#
                  #|......|#
                  #|......|#
                  #--------#
                  )##      #
                    #      #
                    #     ##
                    ##   ##
                -----#   #---------------
                |...|#   #|.............|
              ##-...-#   #-.....<.......|
                |^..|     |..............
                -----     ---------------

Gary the Ronin         St:15 Dx:17 Co:18 In:10 Wi:8 Ch:6  Lawful S:1498
Dlvl:7  $:0  HP:0(56) Pw:13(13) AC:1  Xp:5/182 T:2738 

Latest messages:
 You hit the wolf.
 You hear some noises in the distance.
 The yellow light turns to flee.
 The wolf turns to flee.
 You hit the wolf.
 You hear a wolf howling at the moon.
 The yellow light turns to flee.
 You hit the werewolf.
 You hit the werewolf!
 The werewolf summons help!
 A wolf suddenly appears next to you!
 A wolf suddenly appears next to you!
 A wolf suddenly appears close by!
 The werewolf misses!
 You hit the wolf.
 You miss the wolf.
 The wolf bites!
 The wolf bites!
 The werewolf hits!
 You hit the wolf!
 The wolf bites!
 The wolf bites!
 The wolf bites!
 The werewolf hits!
 What do you want to drink? [F or ?*] F
 You feel better.
 The wolf misses!
 The wolf bites!
 The wolf misses!
 The werewolf changes into a wolf.
 The werewolf's helmet falls to the floor!
 The werewolf bites!
 The werewolf changes into a human.
 You hit the werewolf.
 The wolf misses!
 The wolf bites!
 The wolf misses!
 The werewolf hits!
 What do you want to drink? [F or ?*] F
 You feel better.
 The wolf misses!
 The wolf bites!
 The wolf bites!
 The werewolf hits!
 You feel more confident in your weapon skills.
 (Tip: use the #enhance command to advance them.)
 You hit the werewolf!
 The wolf bites!
 The wolf bites!
 You die...

Inventory:
 Weapons  (')')
  d - 35 +0 ya (in quiver)
  c - a +0 yumi (alternate weapon; not wielded)
  a - a +0 katana (weapon in right hand)
  s - a +0 wakizashi
 Armor    ('[')
  C - an uncursed +0 orcish helm (being worn)
  H - an uncursed +0 robe (being worn)
  T - an uncursed +0 banded mail (being worn)
 Comestibles  ('%')
  w - an uncursed cram ration
  n - an uncursed gunyoki
  h - an uncursed egg
 Tools    ('(')
  b - an uncursed bag of holding containing 20 items
 Gems/Stones  ('*')
  x - an uncursed worthless piece of blue glass
  k - an uncursed worthless piece of green glass
  Q - 2 uncursed worthless pieces of orange glass

Contents of the bag of holding:
  440 gold pieces
  an uncursed +0 mummy wrapping
  a blessed scroll of blank paper
  an uncursed scroll of blank paper
  a blessed scroll of charging
  an uncursed scroll of enchant armor
  an uncursed scroll of scare monster
  an uncursed potion of gain ability
  an uncursed potion of gain energy
  5 blessed potions of healing
  an uncursed potion of healing
  an uncursed potion of invisibility
  an uncursed potion of levitation
  a blessed potion of object detection
  a cursed potion of object detection
  a blessed potion of restore ability
  an uncursed potion of see invisible
  an uncursed +1 ring of increase damage
  an uncursed ring of searching
  a cursed wand of light (0:14)

Gary the Samurai's attributes:

Background:
 You were a Ronin, a level 5 male human Samurai.
 You were lawful, nominally on a mission for Amaterasu Omikami
 who was opposed by Raijin (neutral) and Susanowo (chaotic).
 You were right-handed.
 You were in the Dungeons of Doom, on level 7.
 You entered the dungeon 2738 turns ago.
 It was nighttime.
 You had 182 experience points, 138 more were needed to attain level 6.
 Your score was 1498 before end-of-game adjustments.

Basics:
 You had 0 out of 56 hit points.
 You had all 13 energy points (spell power).
 Your armor class was 1.
 Your wallet was empty, but
 you had 440 zorkmids stashed away in your pack.
 Autopickup was on for '$' plus thrown.

Final Characteristics:
 Your strength was 15 (limit:18/100).
 Your dexterity was 17 (peak:18, limit:18).
 Your constitution was 18 (limit:18).
 Your intelligence was 10 (limit:18).
 Your wisdom was 8 (limit:18).
 Your charisma was 6 (limit:18).

Final Status:
 You weren't hungry.
 You were unencumbered.
 You were wielding a long sword.
 You had basic skill with long sword and could have enhanced that.

Final Attributes:
 You were piously aligned.
 You were guarded.
 You were fast.
 You are dead.

Miscellaneous:
 You didn't encounter any bones levels.
 Total elapsed playing time was 43 minutes and 33 seconds.

Major events:
 Turn
    1: Gary the lawful male human Samurai entered the dungeon
  881: attained the rank of Ronin (level 3)
 2738: killed by a wolf

You didn't know any spells.

Skills:
 Fighting Skills
   martial arts      [Basic]
   two weapon combat [Unskilled]
   riding            [Unskilled]
 Weapon Skills
   dagger            [Unskilled]
   knife             [Unskilled]
   short sword       [Basic]
   broadsword        [Unskilled]
   long sword        [Basic]
   two-handed sword  [Unskilled]
   saber             [Unskilled]
   flail             [Unskilled]
   quarterstaff      [Unskilled]
   polearms          [Unskilled]
   spear             [Unskilled]
   lance             [Unskilled]
   bow               [Basic]
   shuriken          [Unskilled]
 Spellcasting Skills
   attack spells     [Unskilled]
   divination spells [Unskilled]
   clerical spells   [Unskilled]

Voluntary challenges:
 Character rerolling was not enabled.
 You were an atheist.
 You never genocided any monsters.
 You never polymorphed an object.
 You never changed form.
 You used no wishes.
Achievements:
 You entered a shop.
 You attained the rank of Ronin.

 The Dungeons of Doom: levels 1 to 7
    Level 1:
       A sink.
    Level 2:
       A general store, some fountains.
    Level 3:
       A general store, a sink.
    Level 4:
    Level 5:
       A grave.
    Level 6:
       Many fountains.
       Oracle of Delphi.
    Level 7: <- You were here.
       Final resting place for
          you, killed by a wolf.


Vanquished creatures:
  a wood nymph
  2 Mordor orcs
  a rock piercer
  a rock mole
  a yellow light
  a kobold mummy
  a paper golem
  a little dog
  a homunculus
  3 rothes
  a giant bat
 an orc zombie
  a wererat
 an acid blob
  a large kobold
  a hobgoblin
  3 giant rats
  a yellow mold
  7 garter snakes
  a gnome zombie
  2 geckos
 11 jackals
  2 sewer rats
  4 grid bugs
  5 bats
  5 lichens
  a kobold zombie
  4 newts
65 creatures vanquished.

No species were genocided or became extinct.

Game over:
                       ----------
                      /          \
                     /    REST    \
                    /      IN      \
                   /     PEACE      \
                  /                  \
                  |       Gary       |
                  |      440 Au      |
                  | killed by a wolf |
                  |                  |
                  |                  |
                  |                  |
                  |       2026       |
                 *|     *  *  *      | *
        _________)/\\_//(\/(/\)/\//\/|_)_______

Sayonara Gary the Samurai...

You died in The Dungeons of Doom on dungeon level 7 with 1454 points,
and 440 pieces of gold, after 2738 moves.
You were level 5 with a maximum of 56 hit points when you died.

